 Dungeon Crawl Stone Soup version 0.24-a0-789-g35933f4585 (webtiles) character file.

Game seed: 2407457767864946699, levelgen mode: deterministic

402832 KrisU the Slayer (level 22, -12/217 HPs)
             Began as a Minotaur Berserker on Oct 10, 2019.
             Was an Elder of Trog.
             Killed from afar by a fire giant (33 damage)
             ... with a fireball
             ... on level 5 of the Vaults on Oct 12, 2019.
             The game lasted 04:58:35 (49301 turns).

KrisU the Slayer (Minotaur Berserker)              Turns: 49301, Time: 04:58:35

Health: -12/217    AC: 37    Str: 36      XL:     22   Next: 59%
Magic:  0/33       EV: 16    Int:  9      God:    Trog [****..]
Gold:   2359       SH:  0    Dex: 10 (11) Spells: 21/21 levels left

rFire    . . .     SeeInvis +   a - +5 great mace of Hospitality {venom, rC+}
rCold    + + .     Gourm    .   (shield currently unavailable)
rNeg     + . .     Faith    .   W - +7 chain mail "Aggogago" {+Fly rElec rPois Stlth-}
rPois    +         Spirit   +   r - +3 hat of Pondering {ponderous, MR+ MP+10 Int+5}
rElec    +         Reflect  .   R - +2 cloak {MR+}
rCorr    .         Harm     .   X - +3 pair of gauntlets of War {Slay+5}
MR       +++..                  h - +1 pair of boots
Stlth    ..........             K - amulet of guardian spirit
HPRegen  0.46/turn              f - ring of Xitsampa {rC+ rN+ Str+5}
MPRegen  0.23/turn              P - ring of see invisible

@: slow
A: retaliatory headbutt, horns 2, blurry vision 1, deterioration 1
}: 1/15 runes: gossamer
a: Berserk, Trog's Hand, Brothers in Arms, Renounce Religion, Evoke Flight


You were on level 5 of the Vaults.
You worshipped Trog.
Trog was greatly pleased with you.
You were not hungry.

You visited 11 branches of the dungeon, and saw 44 of its levels.
You visited 1 bazaar.
You also visited: Ice Cave.

You collected 3637 gold pieces.
You spent 1278 gold pieces at shops.

Inventory:

Hand Weapons
 a - the +5 great mace of Hospitality (weapon) {venom, rC+}
   (You took it off an ogre on level 3 of the Dungeon)

   It poisons the flesh of those it strikes.
   It protects you from cold.
 b - a +7 arbalest of freezing
 H - the +10 scimitar "Xenymok" {slice, *Drain rPois rC- SInv}
   (You found it on level 1 of the Elven Halls)

   It inflicts extra damage upon your enemies.
   It makes you vulnerable to cold.
   It protects you from poison.
   It lets you see invisible.
   It causes draining when unequipped.
Missiles
 x - 890 bolts
Armour
 h - a +1 pair of boots (worn)
 r - the +3 hat of Pondering (worn) {ponderous, MR+ MP+10 Int+5}
   (You acquired it on level 3 of the Spider Nest)

   It affects your intelligence (+5).
   It affects your resistance to hostile enchantments.
   It affects your magic capacity (+10).
 D - +0 acid dragon scales
 R - a +2 cloak of magic resistance (worn)
 V - a +1 shield of protection
 W - the +7 chain mail "Aggogago" (worn) {+Fly rElec rPois Stlth-}
   (You found it on level 12 of the Dungeon)

   It insulates you from electricity.
   It protects you from poison.
   It lets you fly.
   It makes you less stealthy.
 X - the +3 pair of gauntlets of War (worn) {Slay+5}
   (You found it on level 5 of the Lair of Beasts)

   It affects your accuracy and damage with ranged weapons and melee attacks
   (+5).
Jewellery
 f - the ring of Xitsampa (left hand) {rC+ rN+ Str+5}
   (You found it on level 8 of the Dungeon)

   [ring of protection from cold]

   It affects your strength (+5).
   It protects you from cold.
   It protects you from negative energy.
 n - a +6 ring of strength
 K - an amulet of guardian spirit (around neck)
 P - a ring of see invisible (right hand)
Wands
 v - a wand of digging (23)
 A - a wand of paralysis (35)
 E - a wand of iceblast (27)
 O - a wand of random effects (111)
 T - a wand of acid (18)
 Z - a wand of disintegration (14)
Scrolls
 g - 3 scrolls of enchant weapon
 i - 7 scrolls of fog
 k - 13 scrolls of blinking
 m - 8 scrolls of enchant armour
 q - 14 scrolls of teleportation
 s - 4 scrolls of brand weapon
 u - 12 scrolls of magic mapping
 w - 6 scrolls of fear
 F - a scroll of silence {unknown}
 I - 15 scrolls of identify
 M - 16 scrolls of remove curse
 S - a scroll of holy word
Potions
 l - 8 potions of ambrosia
 p - 4 potions of haste
 t - 4 potions of resistance
 y - 6 potions of berserk rage
 B - 3 potions of agility
 C - 3 potions of cancellation {unknown}
 G - 5 potions of invisibility
 J - 7 potions of might
 L - 4 potions of degeneration {unknown}
 N - 12 potions of curing
 Y - 4 potions of flight {unknown}
Miscellaneous
 e - a lightning rod (3/4)
 o - 2 phantom mirrors
 U - a lamp of fire (inert)
Comestibles
 c - 48 rations
 j - a chunk of flesh


   Skills:
 + Level 22.9 Fighting
 * Level 12.8 Long Blades
 - Level 18.6(20.0) Maces & Flails
   Level 13.6(17.6) Staves
 + Level 12.6 Crossbows
 + Level 8.4 Throwing
 + Level 20.9 Armour
 + Level 14.9 Dodging
 * Level 12.4 Shields
 + Level 3.0 Evocations


You had 21 spell levels left.
You didn't know any spells.
Your spell library contained the following spells:

 Spells                   Type           Power        Failure   Level  Hunger
 Animate Skeleton         Necr           N/A          65%         1    ##.....
 Shock                    Conj/Air       #...         65%         1    ##.....
 Corpse Rot               Necr           N/A          80%         2    ###....
 Sublimation of Blood     Necr           #.........   80%         2    ###....
 Swiftness                Chrm/Air       #.......     80%         2    ###....
 Regeneration             Chrm/Necr      #.........   95%         3    ####...
 Static Discharge         Conj/Air       #.......     95%         3    ####...
 Stone Arrow              Conj/Erth      #.....       95%         3    ####...
 Vampiric Draining        Necr           #.........   95%         3    ####...
 Airstrike                Air            #.........   100%        4    #####..
 Animate Dead             Necr           N/A          100%        4    #####..
 Leda's Liquefaction      Hex/Erth       #.........   100%        4    #####..
 Dispel Undead            Necr           #.......     100%        5    ######.
 Irradiate                Conj/Tmut      #.........   100%        5    ######.
 Lightning Bolt           Conj/Air       #.........   100%        5    ######.
 Summon Forest            Summ/Tloc      #.........   100%        5    ######.
 Hydra Form               Tmut           #.........   100%        6    #######
 Statue Form              Tmut/Erth      #........    100%        6    #######
 Dragon Form              Tmut           #.........   100%        7    #######
 Summon Hydra             Summ           #.........   100%        7    #######


Dungeon Overview and Level Annotations

Branches:
Dungeon (15/15)            Temple (1/1) D:5            Lair (6/6) D:10
 Shoals (4/4) Lair:3       Spider (4/4) Lair:2        Slime (2/5) Lair:6
    Orc (2/2) D:9             Elf (3/3) Orc:2        Vaults (5/5) D:13
  Crypt (0/3) Vaults:2     Depths (1/5) D:15           Hell (visited)
  IceCv (visited)
    Dis: Hell:1         Geh: Hell:1         Coc: Hell:1         Tar: Hell:1

Altars:
Ashenzari
Cheibriados
Dithmenos
Elyvilon
Fedhas
Gozag
Hepliaklqana
Kikubaaqudgha
Makhleb
Nemelex Xobeh
Okawaru
Qazlal
Ru
Sif Muna
Trog
Uskayaw
Vehumet
Wu Jian
Xom
Yredelemnul
Zin
The Shining One
Beogh
Jiyva

Shops:
D:4 =   D:5 ((   D:6 (   D:7 ?   D:9 [   D:10 =   D:13 *   Orc:2 ?%![   Elf:3 =
Vaults:1 [   Vaults:4 (   Depths:1 ((

Portals:
Hell: Lair:6 Depths:1
Trove: D:10 (give +5 ice dragon scales)

Annotations:
Shoals:4 3 runed translucent doors
Spider:1 2 exclusions
Hell Geryon
Abyss:1 Pikel


Innate Abilities, Weirdness & Mutations

You reflexively headbutt those who attack you in melee.
You have a pair of horns on your head.
Scrolls take you a little longer to read.
Your body sometimes deteriorates upon taking damage.


Message History

Found an embroidered scarf.
A deep elf mage comes into view. It is wielding a +0 rapier.
The deep elf mage shouts!
The deep elf mage gestures wildly while chanting.
A fire giant comes into view.
It is wielding a +1 great sword of flaming.
You sock the deep elf mage!
The deep elf mage is poisoned.
The deep elf mage is moderately wounded.
You bludgeon the deep elf mage!!
You kill the deep elf mage!
Trog accepts your kill.
Trog appreciates your killing of a magic user.
The earth elemental disappears in a puff of smoke!
Your Evocations skill increases to level 3!
The fire giant casts a spell at you. The bolt of fire misses you.
Things that are here:
a +0 rapier; a +0 leather armour; an elf corpse The fire giant casts a spell at you.
The fireball explodes!
The fireball engulfs you!!!
You die...

#..#.# #.....
#....###############
#...................
#...................
#..............)....
#...................
#..ยง.###############
#..@)....C..
#..#........
#.[#........
#..#........
#..#.......#
#..#......+#
#..#.....#+
#..#...###


You could see a fire giant.

Vanquished Creatures
  An ancient lich (Depths:1)
  Mara (Spider:3)
  Margery (Vaults:5)
  A golden dragon (Vaults:5)
  The ghost of opiumtea the Warrior, an adept MfGl of Trog (Vaults:4)
  2 tentacled monstrosities (Vaults:5)
  A lich (Depths:1)
  The ghost of Xanedem the Covert, an adept GnWn of Ashenzari (Spider:1)
  Asterion (Vaults:3)
  3 deep elf blademasters
  2 deep elf master archers (Elf:3)
  A quicksilver dragon (Vaults:5)
  An acid blob (Slime:2)
  A kraken (Shoals:3)
  Kirke (Elf:1)
  A tengu reaver (Vaults:3)
  8 shadow dragons
  A revenant (Vaults:2)
  4 ghost moths (Spider:4)
  7 deep elf sorcerers
  An iron dragon (Vaults:5)
  15 vault wardens
  A juggernaut zombie (Depths:1)
  An orc warlord (Orc:2)
  4 emperor scorpions
  18 ironheart preservers
  4 deep elf elementalists
  5 stone giants
  2 very ugly things (IceCv)
  7 entropy weavers
  A vampire knight (Depths:1)
  Nessos (Lair:6)
  9 deep elf annihilators
  8 deep elf demonologists
  7 spark wasps
  A merfolk javelineer (Shoals:3)
  An ettin (Depths:1)
  A crystal guardian (Vaults:4)
  5 merfolk impalers
  12 deep elf death magi
  Snorg (D:10)
  2 deep elf high priests
  Josephine (D:11)
  The ghost of Inarius the Summoner, a journeyman KoSu of Sif Muna (Lair:6)
  Erolcha (D:13)
  31 vault guards
  8 hydras
  7 yaktaur captains
  A rakshasa (D:14)
  3 ice dragons
  The ghost of Remyf the Protected, a journeyman GnWn of Cheibriados (Spider:2)
  3 merfolk avatars
  A hell beast (Lair:6)
  9 centaur warriors
  A catoblepas (Lair:4)
  A tengu warrior (D:15)
  38 two-headed ogres
  3 satyrs
  11 death yaks
  16 ogre magi
  2 deep troll shamans
  20 dancing weapons
  4 orc high priests
  14 deep elf knights
  2 soul eaters (Depths:1)
  A deep troll earth mage (Vaults:3)
  12 skeletal warriors
  A shadow wraith (Vaults:4)
  9 sea snakes
  8 wizards
  6 unseen horrors
  A sea snake (shapeshifter) (D:15)
  2 hell knights (Vaults:5)
  A flayed ghost (Vaults:3)
  21 ironbrand convokers
  23 orc knights
  27 harpies
  18 deep elf archers
  4 necromancers
  4 deep trolls
  2 phantasmal warriors (Vaults:5)
  23 wolf spiders
  A wolf spider zombie (D:15)
  4 orc sorcerers
  13 ugly things
  66 deep elf magi
  A mana viper (shapeshifter) (Vaults:1)
  14 orb spiders
  14 fauns
  2 oklob plants
  9 cyclopes
  Maurice (D:10)
  An elephant (shapeshifter) (Vaults:1)
  14 manticores
  Joseph (D:7)
  6 black mambas
  4 water nymphs
  A moth of wrath (Spider:3)
  8 merfolk sirens
  A rust devil (Lair:6)
  A naga mage (D:15)
  An ice statue (IceCv)
  An eye of devastation (shapeshifter) (Elf:2)
  11 vault sentinels
  3 orange demons (Lair:6)
  2 gargoyles
  4 torpor snails
  9 spiny frogs
  A kobold demonologist (D:15)
  Psyche (D:8)
  7 rime drakes
  2 komodo dragons (shapeshifter)
  A yaktaur (shapeshifter) (Vaults:3)
  2 centaur skeletons
  9 komodo dragons
  A redback zombie (D:14)
  An efreet (D:14)
  3 ice devils (Lair:6)
  2 demonic crawlers (Spider:3)
  4 freezing wraiths
  A spriggan zombie (Depths:1)
  39 yaktaurs
  A hellwing (Lair:6)
  2 tengu conjurers (D:13)
  18 jumping spiders
  7 trolls
  A jumping spider (shapeshifter) (Vaults:2)
  3 meliai (Spider:2)
  A polar bear (Lair:6)
  2 wind drakes (shapeshifter)
  A queen bee (Spider:2)
  19 merfolk
  12 hornets
  Grinder (D:5)
  3 wind drakes
  5 snapping turtles
  9 blink frogs (Lair:3)
  10 dream sheep
  A dream sheep (shapeshifter) (Vaults:3)
  11 hippogriffs
  28 slime creatures
  Sigmund (D:6)
  67 redbacks
  A shadow (D:15)
  2 air elementals (Elf:1)
  2 spriggans
  2 vampires
  5 wraiths
  24 tarantellas
  24 yaks
  2 hogs (Elf:1)
  5 water elementals
  4 fire bats (D:9)
  A hungry ghost (D:13)
  7 wyverns
  4 fire elementals
  A neqoxec (Spider:2)
  Grum (D:10)
  3 vampire mosquitoes (D:14)
  A basilisk (Lair:4)
  A steam dragon (D:12)
  3 large abominations (Elf:1)
  2 harpy simulacra (IceCv)
  7 wargs
  Edmund (D:6)
  4 acid dragons
  A hydra simulacrum (IceCv)
  An iron troll simulacrum (IceCv)
  Duvessa (D:6)
  4 hell hounds (Lair:6)
  12 water moccasins
  8 porcupines
  4 ice beasts
  56 orc warriors
  5 sky beasts
  Purgy (D:3)
  3 phantoms
  A black bear (shapeshifter) (Elf:1)
  An eye of draining (shapeshifter) (Vaults:2)
  2 black bears
  5 ettin simulacra
  An eye of draining (D:10)
  45 ogres
  2 necrophages
  26 centaurs
  The ghost of Tagedieb the Sneak, an amateur OpAs (D:3)
  13 boggarts
  A centaur (shapeshifter) (Vaults:5)
  11 wolves
  11 crocodiles
  3 big kobolds
  An elf simulacrum (Vaults:1)
  4 elf zombies (Elf:1)
  18 bullfrogs
  A gnoll sergeant (D:8)
  4 earth elementals
  A glowing shapeshifter simulacrum (Vaults:2)
  A wyvern skeleton (D:9)
  Dowan (D:6)
  8 scorpions
  31 killer bees
  11 wights
  A howler monkey (D:7)
  4 electric eels
  5 bullfrog zombies
  3 centaur zombies
  4 crimson imps
  6 hounds
  4 jellies
  3 bullfrog skeletons
  28 orc priests
  Crazy Yiuf (D:2)
  Jessica (D:3)
  Ijyb (D:3)
  5 iguanas
  23 orc wizards
  A polar bear simulacrum (D:11)
  15 worker ants
  3 yak simulacra (D:11)
  4 wolf simulacra (D:11)
  3 hound skeletons
  2 howler monkey zombies
  20 adders
  7 gnolls
  5 shadow imps
  An ooze (D:3)
  An adder zombie (D:7)
  2 adder skeletons
  3 worms
  5 dart slugs
  3 leopard geckos
  106 orcs
  A ball python (D:8)
  11 bats
  7 giant cockroaches
  5 goblins
  9 hobgoblins
  15 jackals
  7 quokkas
  9 frilled lizards
  10 kobolds
  2 leopard gecko skeletons
  A quokka skeleton (D:4)
  12 rats
  3 river rat simulacra (D:11)
  A bush (Lair:2)
  6 crawling corpses
  7 plants
  8 tentacles
1750 creatures vanquished.

Vanquished Creatures (collateral kills)
  The ghost of Aprye the Warrior, an adept HOFi of Fedhas (Elf:1)
  A kraken (Shoals:1)
  Gastronok (Orc:1)
  A tengu reaver (Vaults:5)
  An orc warlord (Orc:2)
  A deep elf sorcerer (Elf:3)
  A dire elephant (Lair:4)
  A deep elf death mage (Elf:3)
  A deep elf high priest (Elf:3)
  8 vault guards (Vaults:5)
  A merfolk aquamancer (Shoals:4)
  3 satyrs
  A two-headed ogre (Orc:2)
  A dancing weapon (Elf:2)
  4 death yaks (Lair:5)
  2 orc high priests
  A harpy (Shoals:4)
  A lindwurm (Lair:4)
  A deep elf mage (Elf:3)
  3 orc sorcerers (Orc:2)
  A manticore (Shoals:3)
  10 fauns
  2 orb spiders
  5 merfolk sirens
  4 ice statues (IceCv)
  3 oklob plants (Lair:1)
  A demonic crawler (Spider:2)
  A jumping spider (Spider:3)
  A snapping turtle (Shoals:3)
  4 dream sheep
  2 redbacks
  A tarantella (Spider:3)
  A dire elephant simulacrum (IceCv)
  4 ice beasts (IceCv)
  7 orc warriors
  A black bear (Lair:1)
  An ogre (Orc:2)
  7 orc priests (Orc:2)
  2 orc wizards (Orc:2)
  16 orcs
  A bush (Lair:2)
  2 crawling corpses (Elf:3)
  2 plants (Shoals:4)
  A tentacle (Shoals:1)
115 creatures vanquished.

Vanquished Creatures (others)
  A deep elf knight (Elf:2)
  A freezing wraith (Vaults:4)
  A redback (Spider:1)
  2 humans (Elf:1)
  2 orc warriors
  A centaur (D:13)
  2 boggarts (Vaults:3)
  A killer bee (Spider:2)
  An electric eel (Lair:4)
  An orc priest (D:5)
  4 ball lightnings (Spider:1)
  An orc (Vaults:3)
  A bush (Lair:3)
  12 fungi (D:11)
  28 plants
  12 tentacles
  10 toadstools (Lair:4)
  A withered plant (Vaults:4)
82 creatures vanquished.

Grand Total: 1947 creatures vanquished

Notes
Turn   | Place    | Note
-------+----------+-------------------------------------------
     0 | D:1      | KrisU the Minotaur Berserker began the quest for the Orb.
     0 | D:1      | Reached XP level 1. HP: 19/19 MP: 0/0
   308 | D:1      | Reached XP level 2. HP: 25/27 MP: 1/1
   412 | D:1      | Reached skill level 4 in Fighting
   514 | D:2      | Reached ** piety under Trog
   514 | D:2      | Reached skill level 1 in Maces & Flails
   673 | D:2      | Reached XP level 3. HP: 31/33 MP: 2/2
   810 | D:2      | Reached XP level 4. HP: 31/40 MP: 3/3
  1033 | D:2      | Found a runed translucent door.
  1034 | D:2      | Noticed Crazy Yiuf
  1040 | D:2      | Killed Crazy Yiuf
  1361 | D:3      | Noticed Jessica
  1362 | D:3      | Killed Jessica
  1362 | D:3      | Reached XP level 5. HP: 46/46 MP: 4/4
  1469 | D:3      | Found a transporter.
  1470 | D:3      | Noticed Tagedieb's ghost (amateur OpAs)
  1472 | D:3      | Found a transporter.
  1492 | D:3      | Noticed Ijyb
  1501 | D:3      | Killed Ijyb
  1501 | D:3      | Reached skill level 1 in Staves
  1675 | D:3      | Reached *** piety under Trog
  1801 | D:3      | Noticed Purgy
  1806 | D:3      | Killed Purgy
  1806 | D:3      | Reached XP level 6. HP: 52/52 MP: 5/5
  2035 | D:3      | Identified the +5 great mace of Hospitality {venom, rC+}
  2055 | D:3      | Killed Tagedieb's ghost
  2055 | D:3      | Reached skill level 5 in Armour
  2189 | D:4      | Reached XP level 7. HP: 57/60 MP: 6/6
  2235 | D:4      | Found Nulywkav's Jewellery Boutique.
  2301 | D:4      | Found a shadowy altar of Dithmenos.
  2391 | D:4      | Reached skill level 5 in Staves
  2526 | D:5      | Entered Level 5 of the Dungeon
  2559 | D:5      | Found an iron altar of Okawaru.
  2571 | D:5      | Found Dinib's Antique Weapon Shoppe.
  2596 | D:5      | Found Umpaux's Weapon Shoppe.
  2665 | D:5      | Noticed Pikel
  2673 | D:5      | Banished Pikel
  2673 | D:5      | Reached skill level 1 in Throwing
  2673 | D:5      | Reached XP level 8. HP: 62/67 MP: 7/7
  2779 | D:5      | Reached **** piety under Trog
  2866 | D:5      | Found a staircase to the Ecumenical Temple.
  2876 | D:5      | Noticed Grinder
  2882 | D:5      | Killed Grinder
  3039 | D:6      | Noticed Edmund
  3044 | D:6      | Killed Edmund
  3052 | D:6      | Noticed Duvessa
  3053 | D:6      | Noticed Dowan
  3061 | D:6      | Killed Dowan
  3065 | D:6      | Killed Duvessa
  3077 | D:6      | Reached skill level 5 in Dodging
  3259 | D:6      | Noticed Sigmund
  3270 | D:6      | Killed Sigmund
  3270 | D:6      | Reached skill level 5 in Fighting
  3270 | D:6      | Reached XP level 9. HP: 73/74 MP: 8/8
  3438 | D:6      | Reached skill level 10 in Staves
  3555 | D:6      | Found a radiant altar of Vehumet.
  3646 | D:6      | Found Durafosa's Antique Weapon Boutique.
  3758 | D:6      | Found a sparkling altar of Nemelex Xobeh.
  3934 | D:7      | Noticed Joseph
  3951 | D:7      | Killed Joseph
  3979 | D:7      | Found a sparkling altar of Nemelex Xobeh.
  4130 | D:7      | Found a blossoming altar of Fedhas.
  4231 | D:7      | Found Gelisa's Magic Scroll Shop.
  4337 | D:8      | Noticed Psyche
  4346 | D:8      | Killed Psyche
  4346 | D:8      | Reached skill level 6 in Fighting
  4356 | D:8      | Got a coiled silver ring
  4358 | D:8      | Identified the ring of Xitsampa {rC+ rN+ Str+5} (You found
                  | it on level 8 of the Dungeon)
  4392 | D:8      | Reached ***** piety under Trog
  4503 | D:8      | Reached XP level 10. HP: 76/83 MP: 9/9
  4524 | D:8      | Found a sacrificial altar of Ru.
  4578 | D:8      | Noticed a two-headed ogre
  4585 | D:8      | Killed a two-headed ogre
  4585 | D:8      | Received a gift from Trog
  4899 | D:8      | Found a white marble altar of Elyvilon.
  4899 | D:8      | Found an ancient bone altar of Kikubaaqudgha.
  5095 | D:9      | Found Adducyje's Armour Emporium.
  5122 | D:9      | Found a staircase to the Orcish Mines.
  5129 | D:9      | Bought a +0 pair of gloves of strength for 149 gold pieces
  5149 | D:9      | Received a gift from Trog
  5188 | D:9      | Found a transporter.
  5214 | D:9      | Found a basalt altar of Yredelemnul.
  5316 | D:9      | Found a burning altar of Makhleb.
  5386 | D:9      | Found a transporter.
  5389 | D:9      | Reached skill level 5 in Maces & Flails
  5524 | D:9      | Found a bloodstained altar of Trog.
  5562 | D:9      | Noticed a seven-headed hydra
  5571 | D:9      | Killed a seven-headed hydra
  5571 | D:9      | Reached skill level 7 in Fighting
  5864 | D:9      | Reached XP level 11. HP: 61/92 MP: 10/10
  6199 | Orc:1    | Entered Level 1 of the Orcish Mines
  6219 | Orc:1    | Noticed Gastronok
  6222 | Orc:1    | Noticed an orc high priest
  6452 | D:10     | Entered Level 10 of the Dungeon
  6452 | D:10     | Noticed a two-headed ogre
  6455 | D:10     | Killed a two-headed ogre
  6459 | D:10     | Noticed Grum
  6463 | D:10     | Reached skill level 10 in Armour
  6467 | D:10     | Killed Grum
  6529 | D:10     | Found a staircase to the Lair.
  6740 | D:10     | Found a portal to a secret trove of treasure.
  6776 | D:10     | Noticed an unseen horror
  6783 | D:10     | Killed an unseen horror
  6915 | D:10     | Found Soinup's Jewellery Emporium.
  6925 | D:10     | Noticed Snorg
  6936 | D:10     | Killed Snorg
  7084 | D:10     | Reached skill level 8 in Fighting
  7102 | D:10     | Noticed Maurice
  7106 | D:10     | Paralysed by Maurice for 4 turns
  7120 | D:10     | Killed Maurice
  7146 | D:10     | Received a gift from Trog
  7560 | D:11     | Noticed a seven-headed hydra
  7568 | D:11     | Killed a seven-headed hydra
  7610 | D:11     | Reached XP level 12. HP: 99/103 MP: 11/11
  8193 | D:11     | Noticed Josephine
  8209 | D:11     | Killed Josephine
  8310 | D:11     | Noticed a six-headed hydra
  8313 | D:11     | Reached skill level 10 in Maces & Flails
  8317 | D:11     | Killed a six-headed hydra
  8371 | D:11     | Received a gift from Trog
  8948 | D:11     | Found a burning altar of Makhleb.
  9460 | D:12     | Got an ichor-stained chain mail
  9488 | D:12     | Identified the +7 chain mail "Aggogago" {+Fly rElec rPois
                  | Stlth-} (You found it on level 12 of the Dungeon)
  9567 | D:12     | Reached skill level 9 in Fighting
  9855 | D:13     | Noticed a six-headed hydra
  9863 | D:13     | Killed an eight-headed hydra
  9914 | D:13     | Noticed a centaur warrior
  9916 | D:13     | Killed a centaur warrior
 10208 | D:13     | Noticed a six-headed hydra
 10213 | D:13     | Reached XP level 13. HP: 111/111 MP: 12/12
 10255 | D:13     | Noticed Erolcha
 10261 | D:13     | Killed Erolcha
 10373 | D:13     | Found a glowing golden altar of the Shining One.
 10459 | D:13     | Found Xeonoq's Assorted Antiques.
 10625 | D:13     | Received a gift from Trog
 10674 | D:13     | Reached skill level 5 in Long Blades
 11223 | D:13     | Found a gate to the Vaults.
 12394 | D:15     | Entered Level 15 of the Dungeon
 12411 | D:15     | Received a gift from Trog
 12411 | D:15     | Reached skill level 15 in Maces & Flails
 12860 | D:15     | Reached skill level 10 in Fighting
 12860 | D:15     | Reached XP level 14. HP: 121/121 MP: 13/13
 12863 | D:15     | Reached skill level 10 in Dodging
 12920 | D:15     | Got a pitted great mace {god gift}
 12998 | D:15     | Identified the +3 great mace of Trog's Brutal Revenge
                  | {crush, *Corrode rPois Dex+2} (Trog gifted it to you on
                  | level 15 of the Dungeon)
 13027 | D:15     | Found a staircase to the Depths.
 14190 | Temple   | Entered the Ecumenical Temple
 14571 | Orc:1    | Killed Gastronok
 14750 | Orc:2    | Entered Level 2 of the Orcish Mines
 14756 | Orc:2    | Received a gift from Trog
 15088 | Orc:2    | Noticed an orc warlord
 15096 | Orc:2    | Found a roughly hewn altar of Beogh.
 15098 | Orc:2    | Killed an orc warlord
 15422 | Orc:2    | Found Wedilem's Armour Boutique.
 15485 | Orc:2    | Found Haduosi's Distillery.
 15524 | Orc:2    | Bought a potion of might for 52 gold pieces
 15524 | Orc:2    | Bought a potion of might for 52 gold pieces
 15524 | Orc:2    | Bought a potion of heal wounds for 65 gold pieces
 15685 | Orc:2    | Found a staircase to the Elven Halls.
 15925 | Orc:2    | Found a roughly hewn altar of Beogh.
 16033 | Orc:2    | Found Yschaxtu's Magic Scroll Emporium.
 16049 | Orc:2    | Bought a scroll of enchant weapon for 112 gold pieces
 16049 | Orc:2    | Bought a scroll of brand weapon for 300 gold pieces
 16055 | Orc:2    | Found Futoup's Food Shoppe.
 16055 | Orc:2    | Noticed an orc warlord
 16062 | Orc:2    | Killed an orc warlord
 16062 | Orc:2    | Reached skill level 11 in Fighting
 16731 | Lair:1   | Entered Level 1 of the Lair of Beasts
 16778 | Lair:1   | Reached XP level 15. HP: 129/129 MP: 14/14
 17598 | Lair:2   | Found a hole to the Spider Nest.
 18385 | Lair:3   | Found the +8 whip "Snakebite" {curare, rPois}
 18580 | Lair:3   | Found a staircase to the Shoals.
 20015 | Lair:4   | Found a runed translucent door.
 20136 | Lair:4   | Reached skill level 15 in Armour
 20168 | Lair:4   | Got a translucent flail
 20169 | Lair:4   | Identified the +5 flail of Excruciating Pain {drain, rPois}
                  | (You found it on level 4 of the Lair of Beasts)
 20250 | Lair:5   | Found the +3 pair of gauntlets of War {Slay+5}
 20413 | Lair:5   | Reached skill level 12 in Fighting
 20849 | Lair:5   | You fall into a shaft and drop 1 floor!
 20849 | Lair:6   | Entered Level 6 of the Lair of Beasts
 20849 | Lair:6   | Found a runed translucent door.
 20851 | Lair:6   | Noticed Inarius's ghost (journeyman KoSu)
 20894 | Lair:6   | Killed Inarius's ghost
 21376 | Lair:6   | Found a staircase to the Slime Pits.
 21376 | Lair:6   | Found a viscous altar of Jiyva.
 21710 | Lair:6   | Found a burning altar of Makhleb.
 21742 | Lair:6   | Found a gateway to Hell.
 21996 | Lair:6   | Noticed Nessos
 22019 | Lair:6   | Killed Nessos
 22019 | Lair:6   | Reached XP level 16. HP: 106/141 MP: 15/15
 22367 | Slime:1  | Entered Level 1 of the Pits of Slime
 22387 | Slime:1  | Reached skill level 13 in Fighting
 22528 | Slime:2  | Noticed an acid blob
 22544 | Slime:2  | Killed an acid blob
 22547 | Slime:2  | Noticed an acid blob
 23283 | Elf:1    | Entered Level 1 of the Elven Halls
 23322 | Elf:1    | Noticed Kirke
 23334 | Elf:1    | Killed Kirke
 23339 | Elf:1    | Got a translucent scimitar
 23340 | Elf:1    | Identified the +10 scimitar "Xenymok" {slice, *Drain rPois
                  | rC- SInv} (You found it on level 1 of the Elven Halls)
 23439 | Elf:1    | Got a crystal broad axe
 23440 | Elf:1    | Identified the cursed +1 broad axe "Mong" {chop, +Inv +Fly}
                  | (You found it on level 1 of the Elven Halls)
 23918 | Elf:1    | Found a runed translucent door.
 23921 | Elf:1    | Reached skill level 14 in Fighting
 24204 | Elf:1    | Identified the Guide on Stolen Souls
 24640 | Elf:1    | Reached skill level 1 in Evocations
 24847 | Elf:1    | Noticed Aprye's ghost (adept HOFi)
 24872 | Elf:1    | Killed Aprye's ghost
 25238 | Depths:1 | Entered Level 1 of the Depths
 25318 | Depths:1 | Found Sooh's Antique Weapon Boutique.
 25328 | Depths:1 | Found Ocheixkuoge's Weapon Shop.
 25343 | Depths:1 | Reached skill level 15 in Fighting
 25723 | Depths:1 | Noticed an ancient lich
 25724 | Depths:1 | Noticed a shadow dragon
 25724 | Depths:1 | Noticed a shadow dragon
 25777 | Depths:1 | Killed a shadow dragon
 25791 | Depths:1 | Killed an ancient lich
 25791 | Depths:1 | Reached skill level 16 in Fighting
 25941 | Depths:1 | Reached XP level 17. HP: 158/158 MP: 17/17
 25961 | Depths:1 | Found a shattered altar of Ashenzari.
 26037 | Depths:1 | Got a jewelled cloak
 26048 | Depths:1 | Identified the cursed -5 cloak of Qazlal's Esteem {*Drain
                  | MR+++ Regen+ Stlth+} (You found it on level 1 of the
                  | Depths)
 26717 | Depths:1 | Noticed a lich
 26723 | Depths:1 | Killed a lich
 26723 | Depths:1 | Reached skill level 17 in Fighting
 26950 | Depths:1 | Identified the Volume of Evil Rites
 27085 | Hell     | Entered the Vestibule of Hell
 27085 | Hell     | Noticed Geryon
 27673 | Shoals:1 | Entered Level 1 of the Shoals
 27748 | Shoals:1 | Found a flickering gateway to a bazaar.
 27804 | Bazaar   | Entered a bazaar
 27842 | Bazaar   | Found Bebaograso's Antique Armour Boutique.
 27842 | Bazaar   | Found Eneaxet's Gadget Shop.
 27858 | Bazaar   | Bought a runed shield for 255 gold pieces
 27879 | Bazaar   | Found Beretok's Magic Scroll Shop.
 27879 | Bazaar   | Found Noowui's Distillery.
 27901 | Bazaar   | Bought a scroll of enchant armour for 75 gold pieces
 27901 | Bazaar   | Bought a scroll of identify for 20 gold pieces
 27901 | Bazaar   | Bought a scroll of identify for 20 gold pieces
 27907 | Bazaar   | Bought a potion of might for 36 gold pieces
 28108 | Shoals:1 | Reached skill level 18 in Fighting
 28154 | Shoals:1 | Received a gift from Trog
 28202 | Shoals:1 | Noticed a kraken
 28230 | Shoals:1 | Killed a kraken
 29328 | Shoals:2 | Reached skill level 5 in Throwing
 29348 | Shoals:2 | Received a gift from Trog
 29455 | Shoals:3 | Reached XP level 18. HP: 135/173 MP: 18/18
 29464 | Shoals:3 | Reached skill level 1 in Shields
 29552 | Shoals:3 | Found a frozen archway.
 29594 | IceCv    | Entered an ice cave
 29797 | IceCv    | Got a steaming scale mail
 29810 | IceCv    | Identified the cursed +1 scale mail "Waroc" {rN++ MP-9
                  | Str+5} (You found it in an ice cave)
 29930 | IceCv    | Got a pitted buckler
 29932 | IceCv    | Got an ebony flail
 29945 | IceCv    | Identified the +5 flail of Wu Jian's Anger {crush, *Contam
                  | rC+ rN+ Int+3} (You found it in an ice cave)
 29951 | IceCv    | Identified the +1 buckler "Ommoon" {rPois rC+} (You found
                  | it in an ice cave)
 29967 | IceCv    | Gained mutation: Your body sometimes deteriorates upon
                  | taking damage. [mutagenic glow]
 30766 | Shoals:4 | Entered Level 4 of the Shoals
 30771 | Shoals:4 | Found a runed translucent gate.
 30775 | Shoals:4 | Found a runed translucent gate.
 30776 | Shoals:4 | Found a runed translucent gate.
 30817 | Shoals:4 | Reached skill level 19 in Fighting
 32002 | Elf:2    | Reached skill level 1 in Crossbows
 32221 | Elf:2    | Found a runed translucent gate.
 32222 | Elf:2    | Found a runed translucent gate.
 32228 | Elf:2    | Found a runed translucent gate.
 32696 | Elf:2    | Received a gift from Trog
 33031 | Elf:2    | Reached skill level 5 in Shields
 33159 | Elf:3    | Entered Level 3 of the Elven Halls
 33336 | Elf:3    | Found Wiefreo's Jewellery Shoppe.
 33358 | Elf:3    | Bought a +2 amulet of reflection for 142 gold pieces
 33374 | Elf:3    | Received a gift from Trog
 33634 | Elf:3    | Reached skill level 5 in Crossbows
 33647 | Elf:3    | Reached XP level 19. HP: 153/183 MP: 19/19
 34242 | Elf:3    | Noticed a Tzitzimitl
 34272 | Elf:3    | Noticed a Brimstone Fiend
 34273 | Elf:3    | Received a gift from Trog
 34686 | Elf:3    | Got a translucent scale mail
 34697 | Elf:3    | Identified the +6 scale mail of the Swamp {*Slow MR++
                  | Int+4} (You found it on level 3 of the Elven Halls)
 34991 | Elf:3    | Got a heavily runed ring mail
 35004 | Elf:3    | Identified the +3 ring mail of Sloth {Int+4} (You found it
                  | on level 3 of the Elven Halls)
 35421 | Spider:1 | Entered Level 1 of the Spider Nest
 36095 | Spider:1 | Found a runed translucent door.
 36097 | Spider:1 | Noticed Xanedem's ghost (adept GnWn)
 36116 | Spider:1 | Killed Xanedem's ghost
 36125 | Spider:1 | Got a vibrating jade ring
 36131 | Spider:1 | Identified the ring of Juigh {Ice +Fly rPois Dex+2} (You
                  | found it on level 1 of the Spider Nest)
 37080 | Spider:2 | Found a runed translucent gate.
 37081 | Spider:2 | Found a runed translucent gate.
 37081 | Spider:2 | Noticed Remyf's ghost (journeyman GnWn)
 37082 | Spider:2 | Found a runed translucent gate.
 37109 | Spider:2 | Killed Remyf's ghost
 37133 | Spider:2 | Got a pair of slimy gloves
 37152 | Spider:2 | Identified the +2 pair of gloves of Satisfaction {rC+
                  | Stlth+} (You found it on level 2 of the Spider Nest)
 37376 | Spider:3 | Identified 2 scrolls of acquirement
 37378 | Spider:3 | Found the +3 hat of Pondering {ponderous, MR+ MP+10 Int+5}
 37430 | Spider:3 | Got a heavily runed cloak
 37441 | Spider:3 | Identified the -6 cloak of Time Monsters {Dex+3} (You found
                  | it on level 3 of the Spider Nest)
 37595 | Spider:3 | Received a gift from Trog
 38025 | Spider:3 | Received a gift from Trog
 38053 | Spider:3 | Reached skill level 20 in Fighting
 38473 | Spider:3 | Noticed Mara
 38489 | Spider:3 | Killed Mara
 38979 | Spider:4 | Entered Level 4 of the Spider Nest
 39132 | Spider:4 | Reached XP level 20. HP: 190/190 MP: 20/20
 39662 | Spider:4 | Received a gift from Trog
 39728 | Spider:4 | Reached skill level 10 in Crossbows
 40626 | Spider:4 | Got a gossamer rune of Zot
 40893 | Vaults:1 | Entered Level 1 of the Vaults
 40916 | Vaults:1 | Found Tocwaute's Armour Shoppe.
 41716 | Vaults:1 | Received a gift from Trog
 42003 | Vaults:1 | Received a gift from Trog
 42612 | Vaults:2 | Received a gift from Trog
 42933 | Vaults:2 | Reached skill level 21 in Fighting
 43509 | Vaults:2 | Reached skill level 10 in Long Blades
 43617 | Vaults:2 | Received a gift from Trog
 43995 | Vaults:2 | Reached XP level 21. HP: 204/204 MP: 21/21
 44012 | Vaults:2 | Received a gift from Trog
 44066 | Vaults:2 | Got an ancient amber ring
 44070 | Vaults:2 | Identified the ring "Zuolium" {rC+ Dex+3} (You found it on
                  | level 2 of the Vaults)
 44144 | Vaults:2 | Reached skill level 10 in Shields
 44391 | Vaults:2 | Found a staircase to the Crypt.
 44549 | Vaults:2 | Received a gift from Trog
 44640 | Vaults:3 | Noticed Asterion
 44654 | Vaults:3 | Killed Asterion
 45667 | Vaults:3 | Reached ****** piety under Trog
 45686 | Vaults:3 | Received a gift from Trog
 45719 | Vaults:3 | Gained mutation: Scrolls take you a little longer to read.
                  | [mutagenic glow]
 46212 | Vaults:3 | Reached skill level 22 in Fighting
 46969 | Vaults:4 | Received a gift from Trog
 47078 | Vaults:4 | Received a gift from Trog
 47515 | Vaults:4 | Found a runed translucent door.
 47517 | Vaults:4 | Noticed opiumtea's ghost (adept MfGl)
 47539 | Vaults:4 | Killed opiumtea's ghost
 47543 | Vaults:4 | Got a brightly glowing great sword
 47545 | Vaults:4 | Got a fine shortbow
 47546 | Vaults:4 | Identified the +1 shortbow of Kecs {flame, rF+} (You found
                  | it on level 4 of the Vaults)
 47548 | Vaults:4 | Identified the +3 great sword "Kuewn" {slice, +Inv} (You
                  | found it on level 4 of the Vaults)
 48172 | Vaults:4 | Reached XP level 22. HP: 206/216 MP: 22/22
 48340 | Vaults:4 | Found Debramyr's Antique Weapon Shoppe.
 48974 | Vaults:5 | Entered Level 5 of the Vaults
 48978 | Vaults:5 | Noticed Margery
 48991 | Vaults:5 | Killed Margery
 49026 | Vaults:5 | Received a gift from Trog
 49091 | Vaults:5 | Received a gift from Trog
 49106 | Vaults:5 | Noticed a golden dragon
 49123 | Vaults:5 | Killed a golden dragon
 49162 | Vaults:5 | Identified the +5 triple crossbow "Tigangah" {penet, *Drain
                  | rC+ MR+ Dex+4}
 49201 | Vaults:5 | Received a gift from Trog
 49277 | Vaults:5 | HP: 10/217 [stone giant/large rock (10)]
 49301 | Vaults:5 | Killed from afar by a fire giant

Levels and vault maps discovered:
D:1:      sevenhm_arrival_forest_fort_large_1, layout_rooms,
          minmay_large_rounded_square
D:2:      layout_loops_corners, serial_glass, glass_columns_c, glass_columns_b,
          glass_columns_b, glass_columns_a, glass_columns_c, glass_columns_a,
          glass_columns_a, glass_columns_b, glass_columns_a, glass_columns_c,
          glass_columns_b, glass_columns_b, glass_columns_b, glass_columns_a,
          uniq_crazy_yiuf_cottage
D:3:      layout_loops_ring, gammafunk_ghost_smash, first_ration, uniq_ijyb,
          uniq_purgy, uniq_jessica
D:4:      layout_rooms, grunt_dithmenos_smoke, serial_shops, shop_statue
D:5:      layout_rooms, minmay_temple_entry_proselytizer, serial_shops,
          nicolae_shop_competitors_out_of_business, shop_fountains,
          okawaru_trees_2, uniq_grinder, uniq_pikel
D:6:      layout_loops_ring, kennysheep_little_box, vehumet_crystals,
          serial_shops, shop_fountains, hangedman_abyss_or_decor_stabs,
          uniq_sigmund, uniq_edmund, uniq_duvessa
D:7:      layout_rooms, fedhas_altar_2, basic_altar, serial_shops,
          nicolae_shop_statue_plus, uniq_joseph
D:8:      layout_basic, amethyst_overflow_temple_binary, grunt_pizzeria,
          nicolae_ru_great_annihilating_truth, uniq_psyche
D:9:      gammafunk_cloud_chamber, layout_loops_ring, lemuel_round_altar,
          makhleb_blood_cavern_becter, bloody_trog, serial_shops, shop,
          minmay_three_doors
D:10:     layout_long_grid, dpeg_oklobed_lair, enter_trove_2, serial_shops,
          shop, lightli_orcish_oven, uniq_maurice, uniq_grum, uniq_snorg
D:11:     old_forge, layout_basic, basic_altar, eino_house_with_fridge,
          uniq_josephine
D:12:     layout_roguey, dpeg_stationary_puzzle
D:13:     layout_gridville, hangedman_vaults_entry_quadrant_bands, serial_shops,
          nicolae_shop_stone, chequers_serial_rivers_room_a, tso_metal_star,
          uniq_erolcha
D:14:     layout_loops_corners
D:15:     grunt_enter_depths_magical_seal, layout_basic,
          minmay_misc_feat_hallway, kennysheep_four_rooms
Temple:   oiseaux_autumnal_temple
Lair:1:   dpeg_oklob_gauntlet, layout_long_grid
Lair:2:   layout_big_grid, dummy_spider_entry, minmay_lair_oklob_bushes
Lair:3:   minmay_guarded_unrand_snakebite, layout_big_grid,
          elwin_shoals_entry_stream, minmay_hedge_maze, lemuel_fruit_tree
Lair:4:   gammafunk_lair_enchanted_lake, layout_cave_pods
Lair:5:   layout_regular_city, wad_woods_03, lemuel_fruit_fields,
          serial_bayou_shore_a
Lair:6:   evil_forest, layout_gridlike, slime_altar_1,
          ebering_ghost_inner_flame, grunt_forest_stairs_basic, minivault_11,
          uniq_nessos
Shoals:1: layout_shoals, serial_shops, bzr_entry_gold
Shoals:2: layout_shoals
Shoals:3: layout_shoals, portal_ice_cave_entry_pillars_three
Shoals:4: shoals_end_grunt_garden, layout_shoals, gammafunk_ghost_tricky_traps
Spider:1: layout_spider_delve, ebering_ghost_reflecting_pool
Spider:2: layout_spider_delve, special_room [special_room_bee],
          gammafunk_ghost_tricky_traps, drop_trap, guppyfry_spider_mini_3
Spider:3: lemuel_spider_zombies, nicolae_orb_island, uniq_mara
Spider:4: spider_rune_water
Slime:1:  layout_caves
Slime:2:  layout_caves
Orc:1:    nicolae_orc_accident_3, layout_caves, special_room [special_room_orc],
          uniq_gastronok
Orc:2:    pubby_orc_utopia
Elf:1:    layout_loops_corners, gammafunk_ghost_grave, minmay_elf_necromancy,
          uniq_kirke
Elf:2:    layout_loops_ring, grunt_ministairs_1, dk_noncrumbling_2
Elf:3:    grunt_elf_hall_diamonds, layout_geoelf_diagonals, serial_shops, shop
Vaults:1: vaults_mumra_chevron, v_alt_pattern_4, vaults_dpeg_diagonal,
          vaults_room_pool, v_pattern_1, vaults_dpeg_ring,
          nicolae_vaults_shelves_hall, nicolae_vaults_yaktaur_gun_rack,
          vaults_dpeg_hooks, nicolae_vaults_ring_of_whatevers,
          layout_vaults_omnigrid, serial_shops, shop
Vaults:2: v_alt_pattern_5, v_misc_26, nicolae_vaults_little_squares_1,
          grunt_vaults_trifunnel, nicolae_vaults_meeting,
          hangedman_vaults_corner, vaults_room_pool, nicolae_vaults_little_ls,
          ontoclasm_vaults_twist, nicolae_vaults_gold_heap,
          vaults_room_door_hall, v_rooms_6, v_misc_22,
          minmay_crypt_entry_simple_box, ontoclasm_vaults_ring_square,
          layout_vaults_omnicross
Vaults:3: v_misc_33, nicolae_vaults_asterisk, hangedman_vaults_hat, v_misc_22,
          v_rooms_4, ontoclasm_vaults_gateway, v_misc_32,
          ontoclasm_vaults_tryst, hangedman_vaults_pinch, v_pattern_4,
          vaults_room_hallway, ontoclasm_vaults_misaligned,
          vaults_room_hangedman_quadrants, layout_vaults_ring, uniq_asterion
Vaults:4: gammafunk_vaults_ghost_grave, vaults_room_grunt_arrival_ludios,
          vaults_room_door_hall, vaults_dpeg_cross, hangedman_vaults_stitches,
          vaults_room_ringed_pool, hangedman_vaults_unwind,
          vaults_mumra_hexcomb, nicolae_vaults_network_square,
          ontoclasm_vaults_ring_square, v_misc_16, layout_vaults_chaotic_city,
          serial_shops, shop_fountains
Vaults:5: uniq_margery
Depths:1: layout_gridlike, special_room [special_room_morgue],
          minmay_misc_feat_nine_boxes, hell_entry,
          eino_small_chamber_without_monster, nicolae_ashenzari_panopticon,
          minmay_shoptagon
Hell

Skill      XL: |  1  2  3  4  5  6  7  8  9 10 11 12 13 14 15 16 17 18 19 20 21 22 |
---------------+-------------------------------------------------------------------+-----
Fighting       | 4 5 6 7 8 9 10 11 12 16 18 19 20 21 22 | 22.9
Maces & Flails | 1 2 3 4 5 8 12 15 17 18 | 18.6
Armour         | 3 4 5 6 7 8 9 11 12 13 14 16 17 18 19 20 | 20.9
Dodging        | 3 4 5 6 7 8 9 10 11 12 13 14 | 14.9
Staves         | 2 4 7 9 11 13 | 13.6
Throwing       | 1 2 3 5 7 8 |  8.4
Long Blades    | 4 5 6 8 10 11 12 | 12.8
Evocations     | 1 2 3 |  3.0
Shields        | 5 7 9 11 12 | 12.4
Crossbows      | 5 9 10 12 | 12.6

Action                   |  1- 3 |  4- 6 |  7- 9 | 10-12 | 13-15 | 16-18 | 19-21 | 22-24 || total
-------------------------+-------+-------+-------+-------+-------+-------+-------+-------++-------
Melee: Mace              |    53 |     7 |       |       |       |       |       |       ||    60
       Headbutt          |    13 |    13 |    27 |   119 |   249 |   263 |   314 |    67 ||  1065
       Falchion          |     4 |       |       |       |       |       |       |       ||     4
       Quarterstaff      |       |    65 |   199 |   269 |       |       |       |       ||   533
       Great mace        |       |       |       |   191 |   904 |   926 |  1015 |   186 ||  3222
       Lajatang          |       |       |       |     7 |       |       |       |       ||     7
       Triple sword      |       |       |       |     3 |    19 |       |       |       ||    22
       Dire flail        |       |       |       |       |    65 |     7 |       |       ||    72
       Hand crossbow     |       |       |       |       |       |       |     2 |       ||     2
 Fire: Hand crossbow     |       |       |       |       |       |    91 |   358 |       ||   449
       Arbalest          |       |       |       |       |       |       |   130 |    25 ||   155
Throw: Javelin           |       |     6 |       |    25 |    14 |   116 |    54 |    20 ||   235
Invok: Berserk           |       |     3 |     2 |     7 |       |       |     1 |       ||    13
       Trog's Hand       |       |     1 |       |     6 |     6 |    11 |    19 |     3 ||    46
       Brothers in Arms  |       |       |       |       |    22 |    28 |    11 |    10 ||    71
 Abil: Evoke Flight      |       |       |       |       |       |     2 |       |       ||     2
Evoke: Wand              |       |       |       |       |     1 |     1 |       |     3 ||     5
       Lamp of fire      |       |       |       |       |       |     1 |     2 |     2 ||     5
       Box of beasts     |       |       |       |       |       |     2 |     1 |       ||     3
       Sack of spiders   |       |       |       |       |       |     1 |     1 |       ||     2
       Lightning rod     |       |       |       |       |       |       |     4 |     5 ||     9
  Use: Scroll            |       |     2 |     7 |     3 |     5 |    21 |     7 |     2 ||    47
       Potion            |       |       |       |     1 |     3 |    16 |     3 |     7 ||    30
 Stab: Paralysed         |       |       |     2 |     1 |       |       |       |       ||     3
       Confused          |       |       |     1 |     1 |       |       |       |       ||     2
       Distracted        |       |       |       |       |     3 |       |       |     1 ||     4
       Held in net/web   |       |       |       |       |       |       |     1 |       ||     1
  Eat: Chunk             |       |     4 |     8 |    20 |    28 |    15 |    16 |     6 ||    97
       Ration            |       |     1 |       |     3 |     5 |    11 |    13 |     1 ||    34
Armor: Scale mail        |    21 |    33 |    57 |    36 |       |       |       |       ||   147
       Plate armour      |       |       |       |   149 |       |       |       |       ||   149
       Chain mail        |       |       |       |    22 |   364 |   661 |   665 |   114 ||  1826
Dodge: Dodged            |    44 |    45 |   124 |   340 |   754 |   862 |   798 |   122 ||  3089
Block: Other             |       |       |       |       |       |     2 |     1 |       ||     3
       Rpst.: Triple sword |       |       |       |     2 |     1 |       |       |       ||     3

Table legend:
 A = Non-vault XP
 B = Vault XP
 C = Vault XP percentage of total XP
 D = Non-vault monster count
 E = Vault monster count
 F = Vault count percentage of total count
                 A         B        C        D         E       F
            +---------+---------+-------+---------+---------+-------
      Total |  413365 |  373716 |  47.5 |    1136 |     706 |  38.3
            +---------+---------+-------+---------+---------+-------
        D:1 |      22 |       2 |   8.3 |      15 |       2 |  11.8
        D:2 |      98 |      37 |  27.4 |      19 |       1 |   5.0
        D:3 |      60 |     431 |  87.8 |      20 |       5 |  20.0
        D:4 |     325 |       0 |   0.0 |      25 |       0 |   0.0
        D:5 |     576 |     688 |  54.4 |      11 |       2 |  15.4
        D:6 |     624 |     616 |  49.7 |      18 |       4 |  18.2
        D:7 |     545 |     486 |  47.1 |      21 |       1 |   4.5
        D:8 |    2095 |     661 |  24.0 |      34 |       6 |  15.0
        D:9 |    1769 |    2715 |  60.5 |      31 |      11 |  26.2
       D:10 |    3871 |    2401 |  38.3 |      38 |      13 |  25.5
       D:11 |    7574 |    3137 |  29.3 |      26 |      31 |  54.4
       D:12 |    4399 |     527 |  10.7 |      23 |       1 |   4.2
       D:13 |   11306 |    7238 |  39.0 |      40 |      18 |  31.0
       D:14 |    7032 |       0 |   0.0 |      23 |       0 |   0.0
       D:15 |   13048 |    6160 |  32.1 |      34 |      13 |  27.7
     Lair:1 |    2258 |     769 |  25.4 |      13 |       3 |  18.8
     Lair:2 |    3923 |     505 |  11.4 |      10 |       1 |   9.1
     Lair:3 |    5636 |    3060 |  35.2 |      24 |      16 |  40.0
     Lair:4 |    7299 |    2581 |  26.1 |      24 |       8 |  25.0
     Lair:5 |    7403 |     558 |   7.0 |      24 |       2 |   7.7
     Lair:6 |    6468 |   11815 |  64.6 |      11 |      29 |  72.5
   Shoals:1 |   21083 |       0 |   0.0 |      42 |       0 |   0.0
   Shoals:2 |   15192 |       0 |   0.0 |      33 |       0 |   0.0
   Shoals:3 |   25823 |       0 |   0.0 |      52 |       0 |   0.0
   Shoals:4 |    4694 |    3390 |  41.9 |       9 |       6 |  40.0
   Spider:1 |   12909 |    2758 |  17.6 |      27 |       1 |   3.6
   Spider:2 |    3603 |    6964 |  65.9 |      13 |      41 |  75.9
   Spider:3 |   12288 |    7501 |  37.9 |      40 |       6 |  13.0
   Spider:4 |   10922 |   21991 |  66.8 |      31 |      40 |  56.3
    Slime:1 |    2055 |       0 |   0.0 |       8 |       0 |   0.0
    Slime:2 |    3487 |       0 |   0.0 |       5 |       0 |   0.0
      Orc:1 |     746 |    1426 |  65.7 |      12 |       1 |   7.7
      Orc:2 |       0 |   21935 | 100.0 |       0 |     150 | 100.0
      Elf:1 |   22886 |    7103 |  23.7 |      42 |      13 |  23.6
      Elf:2 |   14169 |   23516 |  62.4 |      24 |      29 |  54.7
      Elf:3 |   14086 |   45826 |  76.5 |      25 |      34 |  57.6
   Vaults:1 |   39145 |    1107 |   2.8 |      64 |       6 |   8.6
   Vaults:2 |   25719 |   38111 |  59.7 |      50 |      54 |  51.9
   Vaults:3 |   32778 |   31848 |  49.3 |      71 |      45 |  38.8
   Vaults:4 |   18848 |   25914 |  57.9 |      27 |      30 |  52.6
   Vaults:5 |   12423 |   57213 |  82.2 |      25 |      46 |  64.8
   Depths:1 |   34178 |   26805 |  44.0 |      52 |      15 |  22.4
      IceCv |       0 |    5921 | 100.0 |       0 |      22 | 100.0
            +---------+---------+-------+---------+---------+-------
